 Dungeon Sprint DCSS version 0.19.1-1-g22dce08 (webtiles) character file.

1708 Hipnos the Arsonist (level 8, -14/44 HPs)
             Began as a Deep Elf Fire Elementalist on Jan 14, 2017.
             Was an Elder of Sif Muna.
             Killed by an exploding ballistomycete spore (24 damage)
             ... set off by themself
             ... in the Dungeon (Sprint I: "Red Sonja").
             The game lasted 00:09:45 (1319 turns).

Hipnos the Arsonist (Deep Elf Fire Elementalist)    Turns: 1319, Time: 00:09:45

Health: -14/44     AC:  2    Str:  5    XL:     8   Next: 73%
Magic:  21/26      EV: 17    Int: 23    God:    Sif Muna [****..]
Gold:   17         SH:  0    Dex: 15    Spells: 5 memorised, 16 levels left

rFire  + . .     SeeInvis .     l - +0 dagger (drain)
rCold  . . .     Gourm    .     a - +0 robe
rNeg   . . .     Faith    .     n - +3 buckler of Responsibility {rElec rF+}
rPois  .         Spirit   .     (no helmet)
rElec  +         Reflect  .     (no cloak)
rCorr  .         Harm     .     (no gloves)
MR     .....     NoTele   +     (no boots)
Stlth  ++........               (no amulet)
                                (no ring)
                                (no ring)

@: confused
A: no striking features
a: Divine Energy, Channel Magic, Forget Spell, Renounce Religion


You were in the Dungeon.
You worshipped Sif Muna.
Sif Muna was greatly pleased with you.
You were not hungry.

You visited 1 branch You collected 543 gold pieces.
You spent 526 gold pieces at shops.

Inventory:

Hand Weapons
 j - a +0 dagger
 l - a +0 dagger of draining (weapon)
Armour
 a - a +0 robe (worn)
 n - the +3 buckler of Responsibility (worn) {rElec rF+}
   (You bought it in a shop in the Dungeon)

   It protects you from fire.
   It insulates you from electricity.
Scrolls
 c - a scroll of random uselessness {unknown}
 i - a scroll of blinking
 m - a scroll of identify {unknown}
Potions
 d - a potion of curing
 e - a potion of heal wounds
 f - a potion of haste
 g - 2 potions of magic
 h - a potion of resistance {unknown}
 k - a potion of agility {unknown}
Books
 b - a book of Flames

   Spells                             Type                      Level
   a - Flame Tongue                   Conjuration/Fire             1
   b - Throw Flame                    Conjuration/Fire             2
   c - Conjure Flame                  Conjuration/Fire             3
   d - Inner Flame                    Hexes/Fire                   3
   e - Sticky Flame                   Conjuration/Fire             4
   f - Fireball                       Conjuration/Fire             5


   Skills:
 + Level 1.7 Fighting
 + Level 8.9 Dodging
 + Level 7.1 Stealth
 + Level 12.2 Spellcasting
 + Level 8.7 Conjurations
 + Level 13.5 Fire Magic


You had 16 spell levels left.
You knew the following spells:

 Your Spells              Type           Power        Failure   Level  Hunger
a - Flame Tongue          Conj/Fire      #####        1%          1    None
b - Throw Flame           Conj/Fire      ######       1%          2    None
c - Conjure Flame         Conj/Fire      ######..     1%          3    None
d - Sticky Flame          Conj/Fire      ######..     1%          4    None
e - Fireball              Conj/Fire      ######....   1%          5    ###....


Dungeon Overview and Level Annotations

Branches:
Dungeon (1/1)

Altars:
Cheibriados
Dithmenos
Elyvilon
Fedhas
Gozag
Hepliaklqana
Kikubaaqudgha
Makhleb
Nemelex Xobeh
Okawaru
Qazlal
Ru
Sif Muna
Trog
Uskayaw
Vehumet
Xom
Yredelemnul
Zin
The Shining One
Jiyva
Lugonu

Shops:
D =[


Message History

Found four items.
Casting: Throw Flame
Confirm with . or Enter, or press ? or * to list all spells.
Aiming: Fireball
Press: ? - help, Shift-Dir - straight line The fireball explodes!
The fireball engulfs the ballistomycete spore.
The ballistomycete spore explodes!
A fungus suddenly grows. x2
The explosion of spores engulfs the ballistomycete spore.
The ballistomycete spore explodes!
The explosion of spores engulfs the ballistomycete.
The explosion of spores engulfs you!
You are confused.
Ouch! That really hurt!
* * * LOW HITPOINT WARNING * * *
The explosion of spores engulfs you!
You are more confused.
Ouch! That really hurt!
You die...

#..#__####..##[#
#.)#_____##'#..+
#⌠⌠#_.∩...'..._#
####_..__##_.#'##+###
#_____###'#.#..).###
#########.####'###(##
+...'.....'.∩#
#.).########## ##@##
#'# !$!


P$P?$ ####### You could see an active ballistomycete (unaware).

Vanquished Creatures
  Sonja (D)
  A deep troll (D)
  A slime creature (D)
  Sigmund (D)
  A yak (D)
  An ogre (D)
  A jelly (D)
  Ijyb (D)
8 creatures vanquished.

Vanquished Creatures (others)
  A ballistomycete spore (D)
1 creature vanquished.

Grand Total: 9 creatures vanquished

Notes
Turn   | Place    | Note
-------+----------+-------------------------------------------
     0 | D        | Hipnos the Deep Elf Fire Elementalist began the quest for the Orb.
     0 | D        | Reached XP level 1. HP: 10/10 MP: 6/6
     1 | D        | Noticed Ijyb
    24 | D        | Killed Ijyb
    24 | D        | Reached skill level 5 in Fire Magic
    24 | D        | Reached XP level 2. HP: 2/15 MP: 0/9
   279 | D        | Learned a level 2 spell: Throw Flame
   279 | D        | Noticed an ogre
   293 | D        | Killed an ogre
   293 | D        | Reached skill level 5 in Dodging
   293 | D        | Reached skill level 7 in Fire Magic
   293 | D        | Reached XP level 3. HP: 12/19 MP: 0/12
   293 | D        | Reached XP level 4. HP: 16/24 MP: 0/14
   336 | D        | Learned a level 3 spell: Conjure Flame
   341 | D        | Learned a level 4 spell: Sticky Flame
   440 | D        | Noticed Sigmund
   448 | D        | Killed Sigmund
   448 | D        | Reached skill level 5 in Stealth
   448 | D        | Reached skill level 9 in Fire Magic
   448 | D        | Reached XP level 5. HP: 5/28 MP: 10/17
   711 | D        | Found a deep blue altar of Sif Muna.
   713 | D        | Found a radiant altar of Vehumet.
   718 | D        | Reached XP level 6. HP: 33/33 MP: 14/19
   725 | D        | Learned a level 5 spell: Fireball
   734 | D        | Became a worshipper of Sif Muna the Loreminder
   753 | D        | Found Ismugg's Jewellery Emporium.
   753 | D        | Found an ancient bone altar of Kikubaaqudgha.
   753 | D        | Found a hazy altar of Hepliaklqana.
   753 | D        | Found a stormy altar of Qazlal.
   753 | D        | Found a hide-covered altar of Uskayaw.
   753 | D        | Found a blossoming altar of Fedhas.
   753 | D        | Found a bloodstained altar of Trog.
   753 | D        | Found an iron altar of Okawaru.
   753 | D        | Found a basalt altar of Yredelemnul.
   753 | D        | Found a glowing golden altar of the Shining One.
   753 | D        | Found a snail-covered altar of Cheibriados.
   753 | D        | Found a sacrificial altar of Ru.
   753 | D        | Found a glowing silver altar of Zin.
   753 | D        | Found a shadowy altar of Dithmenos.
   753 | D        | Found a white marble altar of Elyvilon.
   753 | D        | Noticed a yak
   754 | D        | Found an opulent altar of Gozag.
   763 | D        | Killed a yak
   763 | D        | Reached * piety under Sif Muna
   763 | D        | Reached skill level 1 in Fighting
   763 | D        | Reached skill level 5 in Conjurations
   763 | D        | Reached skill level 10 in Fire Magic
   780 | D        | Found a sparkling altar of Nemelex Xobeh.
   882 | D        | Found a burning altar of Makhleb.
   882 | D        | Found a viscous altar of Jiyva.
   882 | D        | Found a shimmering altar of Xom.
   882 | D        | Found a corrupted altar of Lugonu.
   882 | D        | Noticed a slime creature
   903 | D        | Killed a slime creature
   903 | D        | Reached skill level 10 in Spellcasting
   903 | D        | Reached skill level 11 in Fire Magic
   903 | D        | Reached XP level 7. HP: 17/38 MP: 15/22
  1081 | D        | Noticed Sonja
  1083 | D        | Killed Sonja
  1083 | D        | Reached ** piety under Sif Muna
  1083 | D        | Reached *** piety under Sif Muna
  1083 | D        | Reached skill level 12 in Fire Magic
  1083 | D        | Reached XP level 8. HP: 43/43 MP: 13/25
  1116 | D        | Noticed a deep troll
  1134 | D        | Killed a deep troll
  1134 | D        | Reached **** piety under Sif Muna
  1134 | D        | Reached skill level 13 in Fire Magic
  1272 | D        | Found Toanou's Armour Emporium.
  1301 | D        | Bought the +3 buckler of Responsibility {rElec rF+} for 526 gold pieces
  1319 | D        | Killed by an exploding ballistomycete spore... set off by themself

Skill      XL: |  1  2  3  4  5  6  7  8 |
---------------+-------------------------+-----
Dodging        | 3 5 6 7 8 |  8.9
Stealth        | 3 4 5 6 7 |  7.1
Spellcasting   | 4 6 8 10 11 12 | 12.2
Fire Magic     | 5 7 9 11 12 13 | 13.5
Conjurations   | 3 4 6 7 8 |  8.7
Fighting       | 1 |  1.7

Action                   |  1- 3 |  4- 6 |  7- 9 || total
-------------------------+-------+-------+-------++-------
Melee: Unarmed           |     1 |       |       ||     1
 Cast: Flame Tongue      |     7 |       |       ||     7
       Throw Flame       |     5 |       |     6 ||    11
       Sticky Flame      |       |     5 |     1 ||     6
       Conjure Flame     |       |       |     2 ||     2
       Fireball          |       |       |     1 ||     1
  Use: Potion            |     1 |       |       ||     1
  Eat: Bread ration      |       |       |     1 ||     1
Armor: Robe              |     1 |       |       ||     1
Dodge: Dodged            |     7 |     4 |     3 ||    14
